IL
TACOMA RAINIERS @ ROUND ROCK EXPRESS
08/13/2047
 
TOP OF THE 1ST
Tacoma Rainiers batting - Pitching for Round Rock Express : RHP Joe Pattullo
Pitching: RHP Joe Pattullo
Batting: RHB Brad Robidas 0-0: Ball
1-0: Ball
2-0: Ball
3-0: Called Strike
3-1: SINGLE (Groundball, 25, EV 63.8 MPH) (infield hit)
Batting: RHB Leon Alders 0-0: Foul Ball, location: 2F
0-1: Ball
1-1: Grounds into double play, 4-6-3 (Groundball, 34, EV 81.9 MPH)
Batting: LHB Josh Pittman 0-0: Ground out 4-3 (Groundball, 4, EV 81.2 MPH)
Top of the 1st over - 0 runs, 1 hit, 0 errors, 0 left on base; Tacoma 0 - Round Rock 0
BOTTOM OF THE 1ST
Round Rock Express batting - Pitching for Tacoma Rainiers : RHP Dwain Ashford
Pitching: RHP Dwain Ashford
Batting: RHB Stephen Charbonneau 0-0: Called Strike
0-1: Ball
1-1: Ball
2-1: Foul Ball, location: 2F
2-2: Foul Ball, location: 2F
2-2: Foul Ball, location: 2F
2-2: Ground out 2-3 (Groundball, 2L, EV 68.1 MPH)
Batting: RHB Casey Semenza 0-0: Ball
1-0: Ball
2-0: Foul Ball, location: 2F
2-1: Foul Ball, location: 2F
2-2: Ball
3-2: Ground out 6-3 (Groundball, 6S, EV 67.5 MPH)
Batting: LHB Josh Stuck 0-0: Called Strike
0-1: Ball
1-1: Swinging Strike
1-2: Strikes out swinging
Bottom of the 1st over - 0 runs, 0 hits, 0 errors, 0 left on base; Tacoma 0 - Round Rock 0
TOP OF THE 2ND
Tacoma Rainiers batting - Pitching for Round Rock Express : RHP Joe Pattullo
Batting: LHB Ryan Lowe 0-0: Foul Ball, location: 2F
0-1: Ball
1-1: Foul Ball, location: 2F
1-2: Ground out 4-3 (Groundball, 4, EV 108.1 MPH)
Batting: RHB Josh Ruhl 0-0: Ground out 5-3 (Groundball, 5L, EV 83.8 MPH)
Batting: RHB Rick Ellis 0-0: Ball
1-0: SINGLE (Flyball, 89M, EV 86.9 MPH)
Batting: RHB Max Schellekens 0-0: Ground out 5-3 (Groundball, 56S, EV 88.8 MPH)
Top of the 2nd over - 0 runs, 1 hit, 0 errors, 1 left on base; Tacoma 0 - Round Rock 0
BOTTOM OF THE 2ND
Round Rock Express batting - Pitching for Tacoma Rainiers : RHP Dwain Ashford
Batting: RHB Kurt Wagner 0-0: Ball
1-0: Called Strike
1-1: Ground out 6-3 (Groundball, 6, EV 106.2 MPH)
Batting: LHB Lee Gerken 0-0: Ball
1-0: Foul Ball, location: 2F
1-1: Ball
2-1: Called Strike
2-2: Fly out, F8 (Flyball, 89D, EV 96.9 MPH)
Batting: RHB Adryão Anto 0-0: Called Strike
0-1: Ground out 4-3 (Groundball, 4, EV 85.0 MPH)
Bottom of the 2nd over - 0 runs, 0 hits, 0 errors, 0 left on base; Tacoma 0 - Round Rock 0
TOP OF THE 3RD
Tacoma Rainiers batting - Pitching for Round Rock Express : RHP Joe Pattullo
Batting: RHB Steve Martin 0-0: Called Strike
0-1: Foul Ball, location: 2F
0-2: Strikes out looking
Batting: RHB Jeff Cox 0-0: Ball
1-0: Called Strike
1-1: SINGLE (Groundball, 56D, EV 99.4 MPH)
Batting: RHB Brad Robidas 0-0: Ball
1-0: Ball
2-0: Called Strike
2-1: Foul Ball, location: 2F
2-2: Foul Ball, location: 2F
2-2: Foul Ball, location: 2F
2-2: Ball
3-2: Base on Balls
Jeff Cox to second
Batting: RHB Leon Alders 0-0: Called Strike
0-1: DOUBLE (Line Drive, 78XD, EV 105.0 MPH)
Jeff Cox scores
Brad Robidas to third
Runner from 3rd tries for Home, SAFE, no throw by LF
Batting: LHB Josh Pittman 0-0: Ball
1-0: Swinging Strike
1-1: Called Strike
1-2: Ball
2-2: Ground out 4-3 (Groundball, 4, EV 105.0 MPH)
Leon Alders to third
Batting: LHB Ryan Lowe 0-0: Swinging Strike
0-1: Foul Ball, location: 2F
0-2: Ball
1-2: Ball
2-2: Ball
3-2: Base on Balls
Batting: RHB Josh Ruhl 0-0: Ball
1-0: Foul Ball, location: 2F
1-1: Foul Ball, location: 2F
1-2: Ball
2-2: Ball
3-2: Ground out 6-3 (Groundball, 6MD, EV 108.1 MPH)
Top of the 3rd over - 2 runs, 2 hits, 0 errors, 2 left on base; Tacoma 2 - Round Rock 0
BOTTOM OF THE 3RD
Round Rock Express batting - Pitching for Tacoma Rainiers : RHP Dwain Ashford
Batting: RHB Ivan Colon 0-0: Ground out 6-3 (Groundball, 6, EV 91.2 MPH)
Batting: RHB Bobby Keithley 0-0: Ball
1-0: Ball
2-0: Ball
3-0: Called Strike
3-1: Base on Balls
Batting: SHB Alvare Bairro 0-0: SINGLE (Groundball, 6S, EV 70.0 MPH) (infield hit)
Bobby Keithley to second
Batting: RHB Stephen Charbonneau 0-0: Called Strike
0-1: Foul Ball, location: 2F
0-2: Ball
1-2: DOUBLE (Line Drive, 9LM, EV 91.9 MPH)
Bobby Keithley scores
Alvare Bairro to third
Batting: RHB Casey Semenza 0-0: Ball
1-0: Swinging Strike
1-1: Foul Ball, location: 2F
1-2: Ball
2-2: SINGLE (Groundball, 5S, EV 68.8 MPH) (infield hit)
Alvare Bairro scores
Stephen Charbonneau to third
Batting: LHB Josh Stuck 0-0: Ball
1-0: Grounds out, U3 (Groundball, 3L, EV 88.1 MPH)
Stephen Charbonneau scores
Batting: RHB Kurt Wagner 0-0: Called Strike
0-1: Swinging Strike
0-2: Strikes out swinging
Bottom of the 3rd over - 3 runs, 3 hits, 0 errors, 1 left on base; Tacoma 2 - Round Rock 3
TOP OF THE 4TH
Tacoma Rainiers batting - Pitching for Round Rock Express : RHP Joe Pattullo
Batting: RHB Rick Ellis 0-0: SINGLE (Line Drive, 9LM, EV 103.1 MPH)
Batting: RHB Max Schellekens 0-0: Called Strike
0-1: Ball
1-1: Foul Ball, location: 2F
1-2: Strikes out looking
Batting: RHB Steve Martin 0-0: Ball
1-0: Foul Ball, location: 2F
1-1: Swinging Strike
1-2: Foul Ball, location: 2F
1-2: Foul Ball, location: 2F
1-2: Fielders Choice at 2nd, 5-4 (Groundball, 56, EV 98.8 MPH)
Batting: RHB Jeff Cox 0-0: SINGLE (Groundball, 34D, EV 102.5 MPH)
Steve Martin to second
Runner from 2nd tries for 3rd, SAFE, no throw by RF
Batting: RHB Brad Robidas 0-0: Swinging Strike
0-1: Swinging Strike
0-2: Ball
1-2: Strikes out swinging
Top of the 4th over - 0 runs, 2 hits, 0 errors, 2 left on base; Tacoma 2 - Round Rock 3
BOTTOM OF THE 4TH
Round Rock Express batting - Pitching for Tacoma Rainiers : RHP Dwain Ashford
Batting: LHB Lee Gerken 0-0: Ball
1-0: Ground out 4-3 (Groundball, 4M, EV 78.8 MPH)
Batting: RHB Adryão Anto 0-0: Ball
1-0: Called Strike
1-1: Foul Ball, location: 2F
1-2: Foul Ball, location: 2F
1-2: Ball
2-2: Fly out, F6 (Popup, 6D, EV 71.2 MPH)
Batting: RHB Ivan Colon 0-0: Called Strike
0-1: Called Strike
0-2: Foul Ball, location: 2F
0-2: Ball
1-2: Strikes out looking
Bottom of the 4th over - 0 runs, 0 hits, 0 errors, 0 left on base; Tacoma 2 - Round Rock 3
TOP OF THE 5TH
Tacoma Rainiers batting - Pitching for Round Rock Express : RHP Joe Pattullo
Batting: RHB Leon Alders 0-0: Ball
1-0: Called Strike
1-1: Ground out 5-3 (Groundball, 56S, EV 85.6 MPH)
Batting: LHB Josh Pittman 0-0: Ball
1-0: Called Strike
1-1: Called Strike
1-2: Ground out 5-3 (Groundball, 5L, EV 85.0 MPH)
Batting: LHB Ryan Lowe 0-0: Ground out 6-3 (Groundball, 4, EV 80.6 MPH)
Top of the 5th over - 0 runs, 0 hits, 0 errors, 0 left on base; Tacoma 2 - Round Rock 3
BOTTOM OF THE 5TH
Round Rock Express batting - Pitching for Tacoma Rainiers : RHP Dwain Ashford
Batting: RHB Bobby Keithley 0-0: Ball
1-0: Swinging Strike
1-1: Called Strike
1-2: SINGLE (Groundball, 56D, EV 85.0 MPH) (infield hit)
Batting: SHB Alvare Bairro 0-0: Fielders Choice at 2nd, 2-4 (Groundball, 2L, EV 69.4 MPH)
Batting: RHB Stephen Charbonneau 0-0: Ball
1-0: Ball
2-0: Ball
3-0: Called Strike
3-1: Ground out 4-3 (Groundball, 34, EV 84.4 MPH)
Alvare Bairro to second
Batting: RHB Casey Semenza 0-0: Foul Ball, location: 2F
0-1: Ball
1-1: Ground out 1-3 (Groundball, 25, EV 61.2 MPH)
Bottom of the 5th over - 0 runs, 1 hit, 0 errors, 1 left on base; Tacoma 2 - Round Rock 3
TOP OF THE 6TH
Tacoma Rainiers batting - Pitching for Round Rock Express : RHP Joe Pattullo
Batting: RHB Josh Ruhl 0-0: Called Strike
0-1: Fly out, F7 (Flyball, 7S, EV 83.8 MPH)
Batting: RHB Rick Ellis 0-0: Ball
1-0: Ground out 4-3 (Groundball, 34, EV 105.6 MPH)
Batting: RHB Max Schellekens 0-0: Swinging Strike
0-1: Ball
1-1: Swinging Strike
1-2: Foul Ball, location: 2F
1-2: Ground out 4-3 (Groundball, 4, EV 86.9 MPH)
Top of the 6th over - 0 runs, 0 hits, 0 errors, 0 left on base; Tacoma 2 - Round Rock 3
BOTTOM OF THE 6TH
Round Rock Express batting - Pitching for Tacoma Rainiers : RHP Dwain Ashford
Batting: LHB Josh Stuck 0-0: Called Strike
0-1: Foul Ball, location: 2F
0-2: Strikes out looking
Batting: RHB Kurt Wagner 0-0: Ball
1-0: Ball
2-0: Called Strike
2-1: Fly out, F8 (Flyball, 78S, EV 82.5 MPH)
Batting: LHB Lee Gerken 0-0: Swinging Strike
0-1: Ball
1-1: Ground out U3 (Groundball, 34, EV 100.0 MPH)
Bottom of the 6th over - 0 runs, 0 hits, 0 errors, 0 left on base; Tacoma 2 - Round Rock 3
TOP OF THE 7TH
Tacoma Rainiers batting - Pitching for Round Rock Express : RHP Joe Pattullo
Batting: RHB Steve Martin 0-0: Ball
1-0: Foul Ball, location: 2F
1-1: Called Strike
1-2: Ground out 4-3 (Groundball, 4, EV 93.1 MPH)
Batting: RHB Jeff Cox 0-0: Ball
1-0: Called Strike
1-1: Ball
2-1: Ball
3-1: SINGLE (Flyball, 3D, EV 86.2 MPH)
Batting: RHB Brad Robidas 0-0: Ball
1-0: Called Strike
1-1: Foul Ball, location: 2F
1-2: Foul Ball, location: 2F
1-2: SINGLE (Groundball, 4M, EV 102.5 MPH) (infield hit)
Jeff Cox to second
Pinch Hitting: LHB Jawad Fahad 0-0: Foul Ball, location: 2F
0-1: Ball
1-1: Ground out 6-3 (Groundball, P, EV 78.8 MPH)
Jeff Cox to third
Brad Robidas to second
Batting: LHB Josh Pittman 0-0: Called Strike
0-1: Ball
1-1: Ball
2-1: Ball
Wild Pitch!
Jeff Cox scores
Brad Robidas to third
3-1: Foul Ball, location: 2F
3-2: Base on Balls
Pitching: RHP Victor Nunez
Batting: LHB Ryan Lowe 0-0: Ball
1-0: Called Strike
1-1: Foul Ball, location: 2F
1-2: 3-RUN HOME RUN (Flyball, 89XD, EV 103.8 MPH), Distance : 397 ft
Batting: RHB Josh Ruhl 0-0: Swinging Strike
0-1: Ball
1-1: Ball
2-1: Called Strike
2-2: Ball
3-2: Base on Balls
Batting: RHB Rick Ellis 0-0: Called Strike
0-1: Ball
1-1: Swinging Strike
1-2: Ball
2-2: Foul Ball, location: 2F
2-2: Strikes out swinging
Top of the 7th over - 4 runs, 3 hits, 0 errors, 1 left on base; Tacoma 6 - Round Rock 3
BOTTOM OF THE 7TH
Round Rock Express batting - Pitching for Tacoma Rainiers : RHP Dwain Ashford
Pitching: RHP Tyler Rayner
Now at 1B: Jawad Fahad
Now in LF: Rick Ellis
Now in CF: Brendan Bundy
Batting: RHB Adryão Anto 0-0: DOUBLE (Flyball, 78XD, EV 101.9 MPH)
Batting: RHB Ivan Colon 0-0: Called Strike
0-1: Ground out 5-3 (Groundball, 56, EV 105.6 MPH)
Batting: RHB Bobby Keithley 0-0: Ball
Adryão Anto steals 3rd base
1-0: Ball
2-0: Called Strike
2-1: Called Strike
2-2: Fly out, F9 (Flyball, 89M, EV 75.6 MPH)
Runner from 3rd tags up, OUT at HOME! 9-2
Bottom of the 7th over - 0 runs, 1 hit, 0 errors, 0 left on base; Tacoma 6 - Round Rock 3
TOP OF THE 8TH
Tacoma Rainiers batting - Pitching for Round Rock Express : RHP Victor Nunez
Batting: RHB Max Schellekens 0-0: Called Strike
0-1: Ground out 5-3 (Groundball, 56S, EV 86.2 MPH)
Batting: RHB Steve Martin 0-0: Called Strike
0-1: Ball
1-1: Ball
2-1: Ground out 5-3 (Groundball, 56, EV 88.8 MPH)
Batting: RHB Jeff Cox 0-0: Called Strike
0-1: Ball
1-1: Ball
2-1: SINGLE (Groundball, 6MD, EV 103.1 MPH)
Batting: RHB Brad Robidas 0-0: Ball
1-0: Called Strike
1-1: Foul Ball, location: 2F
1-2: Fly out, F8 (Flyball, 8RXD, EV 103.8 MPH)
Top of the 8th over - 0 runs, 1 hit, 0 errors, 1 left on base; Tacoma 6 - Round Rock 3
BOTTOM OF THE 8TH
Round Rock Express batting - Pitching for Tacoma Rainiers : RHP Tyler Rayner
Now in LF: Brendan Bundy
Now in CF: Kagetoki Kawai
Batting: SHB Alvare Bairro 0-0: Called Strike
0-1: Called Strike
0-2: Ball
1-2: Strikes out swinging, 2-3 out at first.
Pinch Hitting: SHB David Simpson 0-0: Foul Ball, location: 2F
0-1: Foul Ball, location: 2F
0-2: Strikes out looking
Batting: RHB Casey Semenza 0-0: Swinging Strike
0-1: Ground out 6-3 (Groundball, 6, EV 78.1 MPH)
Bottom of the 8th over - 0 runs, 0 hits, 0 errors, 0 left on base; Tacoma 6 - Round Rock 3
TOP OF THE 9TH
Tacoma Rainiers batting - Pitching for Round Rock Express : RHP Victor Nunez
Now at 3B: David Simpson
Now at SS: Ivan Colon
Batting: LHB Jawad Fahad 0-0: Fly out, F3 (Line Drive, 3, EV 69.4 MPH)
Batting: SHB Brendan Bundy 0-0: Called Strike
0-1: Foul Ball, location: 2F
0-2: Strikes out swinging
Batting: LHB Ryan Lowe 0-0: Ball
1-0: Ball
2-0: Foul Ball, location: 2F
2-1: Ground out 5-3 (Groundball, 56, EV 89.4 MPH)
Top of the 9th over - 0 runs, 0 hits, 0 errors, 0 left on base; Tacoma 6 - Round Rock 3
BOTTOM OF THE 9TH
Round Rock Express batting - Pitching for Tacoma Rainiers : RHP Tyler Rayner
Pitching: RHP Jace Daniels
Batting: LHB Josh Stuck 0-0: Ground out 6-3 (Groundball, 6M, EV 102.5 MPH)
Batting: RHB Kurt Wagner 0-0: Foul Ball, location: 2F
0-1: Swinging Strike
0-2: Strikes out looking
Batting: LHB Lee Gerken 0-0: Called Strike
0-1: Ball
1-1: Ground out 4-3 (Groundball, 4, EV 83.1 MPH)
Bottom of the 9th over - 0 runs, 0 hits, 0 errors, 0 left on base; Tacoma 6 - Round Rock 3
Thursday, December 15th , 2022 - OOTP Baseball 23.9 Build 102